[Event "Early-Titled-Tuesday-Blitz-March-19-2024"]
[Site "Chess.com"]
[Date "2024.03.19"]
[Round "6"]
[White "Nitzan_Steinberg"]
[Black "bescmelasti"]
[Result "1-0"]
[WhiteElo "2879"]
[BlackElo "2675"]
[TimeControl "180+1"]
[EndTime "9:08:19 PDT"]
[Termination "Nitzan_Steinberg won on time"]

1. d4 Nf6 2. c4 e6 3. Nc3 Bb4 4. e3 O-O 5. Bd2 Re8 6. Nf3 d5 7. cxd5 exd5 8. Rc1 c6 9. Bd3 Bg4 10. Qb3 Qe7 11. Ne5 Bd6 12. f4 Be6 13. O-O c5 14. Qd1 Nc6 15. Nb5 cxd4 16. exd4 Bb8 17.
Re1 Ne4 18. Be3 Nb4 19. Bb1 f6 20. Nf3 Qd7 21. Nc3 Bf5 22. Na4 b6 23. Qb3 Nc6 24. Qb5 Na5 25. Bd3 Nc4 26. Bxc4 dxc4 27. Qxc4+ Be6 28. Qc2 Bd5 29. Nd2 Bd6 30. Nc3 Nxc3 31.
bxc3 b5 32. Nf1 Re7 33. Bd2 Rae8 34. Rxe7 Rxe7 35. Qd3 Bc4 36. Qf3 Re2 37. Be3 Qe6 38.
Bf2 Bd5 39. Qd3 Bc4 40. Qf3 Bd5 41. Qd3 Bxf4 42. Rd1 Bc4 43. Qf3 Qe4 44. d5 Qxf3 45.
gxf3 Re7 46. Bg3 Bxg3 47. hxg3 Rd7 48. Ne3 Kf7 49. a3 a5 50. Rd4 g5 51. Kf2 Kg6 52.
g4 h5 53. gxh5+ Kxh5 54. a4 Kg6 55. d6 Be6 56. axb5 f5 57. c4 f4 58. Nc2 a4 59.
c5 Rb7 60. Na3 Bd7 61. c6 1-0

[Event "Early-Titled-Tuesday-Blitz-March-19-2024"]
[Site "Chess.com"]
[Date "2024.03.19"]
[Round "6"]
[White "koncheto"]
[Black "LeoWin2012"]
[Result "0-1"]
[WhiteElo "2490"]
[BlackElo "2232"]
[TimeControl "180+1"]
[EndTime "9:08:19 PDT"]
[Termination "LeoWin2012 won by checkmate"]

1. e4 e5 2. Nf3 Nf6 3. Nxe5 d6 4. Nf3 Nxe4 5. d4 d5 6. Bd3 Bf5 7. O-O Bd6 8. c4 c6 9. Nc3 O-O 10. cxd5 Nxc3 11. bxc3 Bxd3 12. dxc6 Be4 13. cxb7 Bxb7 14.
Rb1 Ba6 15. Re1 Nd7 16. Qa4 Bd3 17. Rb7 Nb6 18. Qc6 Rc8 19. Rxb6 Qxb6 20. Qd5 Qd8 21. Qh5 Bg6 22. Qg4 Rxc3 23. h4 Qc7 24. Bd2 h5 25. Qg5 Rc2 26. Ne5 Bxe5 27. dxe5 Qd7 28. Bb4 Re8 29. Qe3 Rxa2 30. Bc3 Ra6 31. Qe2 Rae6 32. Rd1 Qc6 33. Qe3 Rc8 34. Ba1 a5 35. Qa7 a4 36. Qe3 Qa6 37. Qd2 a3 38. Qe3 a2 39. Qh3 Rb8 40. Qe3 Rb1 41. Qd4 Rxd1+ 42. Qxd1 Qb5 43. Qd8+ Kh7 44. Qd4 Qb1+ 45. Kh2 Qc2 46. f4 Qe4 47. Qf2 Rc6 48. Qa7 Rc2 49.
Qg1 Qc4 50. e6 fxe6 51. Qd1 Rc1 52. Qf3 Rxa1 53. f5 Bxf5 54. Qg3 Bg6 55. Qg5 Qg4 56. Qe7 Qf4+ 57. Kh3 Qf2 58. Qg5 Qf5+ 59. g4 Qxg4+ 60. Qxg4 hxg4+ 61. Kg3 Rb1 62. Kxg4 a1=Q 63. h5 Qd4+ 64. Kh3 Rb3+ 65. Kh2 Qb2+ 66. Kg1 Rg3+ 67. Kh1 Qg2# 0-1

[Event "Early-Titled-Tuesday-Blitz-March-19-2024"]
[Site "Chess.com"]
[Date "2024.03.19"]
[Round "6"]
[White "yosephtaher"]
[Black "ChessQueen"]
[Result "1/2-1/2"]
[WhiteElo "2954"]
[BlackElo "2759"]
[TimeControl "180+1"]
[EndTime "9:08:21 PDT"]
[Termination "Game drawn by repetition"]

1. d4 f5 2. Nc3 Nf6 3. Bg5 d5 4.
Bxf6 exf6 5. e3 c6 6. Qf3 Be6 7. Bd3 Qd7 8. Nge2 Bd6 9. Nf4 Bxf4 10. Qxf4 O-O 11. h3 c5 12. dxc5 Nc6 13. g4 d4 14.
gxf5 Bf7 15. exd4 Bh5 16. d5 Ne5 17. Be4 Rfe8 18. O-O Qc7 19. Qg3 Qxc5 20. Bg2 Rad8 21. Rfe1 Kh8 22. Re4 Qb6 23. Rae1 Qxb2 24. f4 Nd7 25.
Rxe8+ Rxe8 26. Rxe8+ Bxe8 27. Qe3 Bf7 28. Qe7 Bg8 29.
Qxd7 Qxc3 30. d6 Qd4+ 31. Kh1 Qxf4 32. Qe7 Qc1+ 33. Kh2 Qf4+ 34. Kg1 Qd4+ 35. Kh1 Qd1+ 36. Kh2 Qxc2 37. d7 Qc7+ 38. Kg1 Qc1+ 39. Bf1 Qg5+ 40.
Kf2 Qxf5+ 41. Ke3 Qg5+ 42. Kd3 Qd5+ 43. Kc3 Qa5+ 44. Kd4 Qd5+ 45. Ke3 Qg5+ 46. Ke4 Qd5+ 47. Kf4 Qg5+ 48. Kf3 Qf5+ 49. Ke2 Qc2+ 50. Ke1 Qc1+ 51. Kf2 Qf4+ 52. Kg1 Qg5+ 53. Kh2 Qf4+ 54. Kg1 Qg5+ 55. Kf2 Qf4+ 56. Ke2 Bc4+ 57. Kd1 Qxf1+ 58. Kc2 Qd3+ 59. Kc1 Qc3+ 60. Kd1 Qd3+ 61. Ke1 Qf1+ 62. Kd2 Qd3+ 63.
Kc1 Qc3+ 64. Kd1 Qd3+ 65. Ke1 Qf1+ 66. Kd2 Qd3+ 67. Kc1 1/2-1/2

[Event "Early-Titled-Tuesday-Blitz-March-19-2024"]
[Site "Chess.com"]
[Date "2024.03.19"]
[Round "6"]
[White "Predator0608"]
[Black "Dr_Pepper18"]
[Result "0-1"]
[WhiteElo "2554"]
[BlackElo "2413"]
[TimeControl "180+1"]
[EndTime "9:08:21 PDT"]
[Termination "Dr_Pepper18 won by resignation"]

1. g3 Nf6 2. Bg2 d5 3. e3 e5 4. Ne2 Bd6 5. O-O O-O 6. Nbc3 c6 7. f3 Re8 8. d4 Nbd7 9. Bd2 Nf8 10. Kh1 Bf5 11.
e4 dxe4 12. fxe4 Bg6 13. d5 N8d7 14. Bg5 Qe7 15. Qe1 h6 16. Bh4 Bh7 17. dxc6 bxc6 18.
Bxf6 Nxf6 19. Rd1 Rab8 20. b3 Bc5 21. h3 Red8 22. Kh2 Bg6 23. g4 Bd4 24. Qg3 Nh7 25. Nxd4 exd4 26. Rxd4 Rxd4 27. Qxb8+ Rd8 28. Qg3 Ng5 29.
h4 Nxe4 30. Nxe4 Bxe4 31. Rf2 Bxg2 32. Rxg2 Rd4 33. c4 g6 34. h5 g5 35. Rf2 Re4 36. Kh3 Re1 37. Qf3 Re3 38. Kg2 Rxf3 39. Kxf3 Qf6+ 40.
Kg2 Qd4 41. Kg3 Qe3+ 42. Kg2 Qe4+ 43. Kg3 Kg7 44. Rf3 c5 45. Rf2 a5 46. Rf3 Qb1 47.
Rf2 Qg1+ 48. Kf3 f5 49. gxf5 Kf6 50. Rg2 Qf1+ 51. Kg3 Qd3+ 52. Kh2 Kxf5 53. Rf2+ Kg4 54. Rg2+ Kxh5 55. a4 Qxb3 56. Kh1 Qxa4 57. Kh2 Qxc4 58. Kh1 Qf1+ 59. Kh2 Qxg2+ 60. Kxg2 a4 61. Kh3 a3 62. Kh2 a2 63. Kg3 a1=Q 64. Kh3 Qc3+ 65. Kh2 Qd2+ 66. Kg3 Qe2 67. Kh3 c4 68. Kg3 c3 69. Kh3 c2 0-1

[Event "Early-Titled-Tuesday-Blitz-March-19-2024"]
[Site "Chess.com"]
[Date "2024.03.19"]
[Round "6"]
[White "Firouzja2003"]
[Black "kpio91"]
[Result "1-0"]
[WhiteElo "3097"]
[BlackElo "2857"]
[TimeControl "180+1"]
[EndTime "9:08:23 PDT"]
[Termination "Firouzja2003 won by resignation"]

1. Nf3 g6 2. e4 Bg7 3. d4 d6 4. Nc3 Nf6 5. Be2 O-O 6. O-O a6 7. Re1 Nc6 8. d5 Nb8 9. h3 c6 10. a4 b6 11. Nd4 Bb7 12. Bf3 Qc7 13. Bf4 Nfd7 14. Qd2 Ne5 15. Be2 c5 16. Nb3 e6 17.
Rad1 exd5 18. Nxd5 Bxd5 19. Qxd5 Nbc6 20. Qxd6 Qb7 21.
Qd2 c4 22. Nc1 b5 23. axb5 axb5 24. c3 Rfe8 25. Bf1 Ra1 26. Be3 Bf6 27. f4 Rd8 28. Qf2 Rxd1 29. Rxd1 Nd7 30. Qd2 Nb6 31. Ne2 Rxd1 32.
Qxd1 Na4 33. Qd2 Be7 34. e5 Bc5 35. Bxc5 Nxc5 36. Ng3 Ne6 37. Ne4 Ne7 38. Nf6+ Kg7 39. g3 Ng8 40. Ne8+ Kf8 41. Nd6 Qb6+ 42. Qf2 Nc5 43.
Ne4 Na4 44. Qxb6 Nxb6 45. Nd6 Na4 46. Nxb5 Nxb2 47. Nd6 Ne7 48. Nxc4 Na4 49. Nd6 Nxc3 50. Bc4 Ncd5 51. Ne4 Kg7 52. Kf2 f5 53. Ng5 h6 54.
Ne6+ Kh7 55. Kf3 Nb6 56. Bb3 Nd7 57. h4 h5 58. Ke3 Nb6 59. Kd4 Nbc8 60. Kc5 Kh6 61.
Kb5 Kh7 62. Ka6 Nc6 63. Kb7 Na5+ 64. Kxc8 Nxb3 65. Kd7 Nd2 66. Ng5+ Kg7 67. e6 1-0

[Event "Early-Titled-Tuesday-Blitz-March-19-2024"]
[Site "Chess.com"]
[Date "2024.03.19"]
[Round "6"]
[White "AndresDelgado77"]
[Black "rhungaski"]
[Result "0-1"]
[WhiteElo "2332"]
[BlackElo "2609"]
[TimeControl "180+1"]
[EndTime "9:08:24 PDT"]
[Termination "rhungaski won by resignation"]

1. e4 e5 2. Bc4 Nc6 3. Nc3 Bc5 4. Qg4 g6 5. Qg3 d6 6. d3 Nd4 7. Bb3 c6 8. Nf3 Nxb3 9. axb3 Bb6 10. Bg5 f6 11. Be3 Bc7 12. h4 Ne7 13. Bh6 Qd7 14. Bg7 Rg8 15. Bxf6 Qg4 16. Qxg4 Bxg4 17. Nd2 h6 18. f3 Be6 19. g4 Nc8 20. g5 h5 21. O-O-O Nb6 22. Rdf1 Nd7 23. f4 Nxf6 24.
gxf6 Kd7 25. fxe5 dxe5 26. Nf3 Raf8 27. Ng5 Bg4 28. Nd1 Bb6 29. Kd2 Bd8 30. f7 Bxg5+ 31. hxg5 Rg7 32. Ne3 Be6 33. Rf6 Rfxf7 34. Rhf1 Rxf6 35.
gxf6 Rf7 36. Ng2 g5 37. Ke3 h4 38. Ne1 g4 39. Rh1 Rh7 40. Ng2 h3 41. Ne1 g3 42. Kf3 Rh6 43. Kxg3 Rg6+ 44. Kf2 Rxf6+ 45. Ke2 Bg4+ 46. Ke3 c5 47. Rh2 Rf1 48. Kd2 Rg1 49. c3 b5 50. c4 Kc6 51. Rf2 Kb6 52. Rh2 Ka5 53. Ke3 Rxe1+ 54. Kf2 Re2+ 55. Kg1 Rxh2 56. Kxh2 Kb4 57. Kg3 Be6 58. Kh2 a6 59. Kg3 Kxb3 60.
Kh2 b4 61. Kg3 Kxb2 62. Kh2 Kc3 63. Kg3 Kxd3 64. Kh2 Kxc4 65. Kg3 Kd4 66. Kh2 Kxe4 67. Kg3 c4 0-1

[Event "Early-Titled-Tuesday-Blitz-March-19-2024"]
[Site "Chess.com"]
[Date "2024.03.19"]
[Round "6"]
[White "AttackSparrow"]
[Black "vladislavkovalev"]
[Result "0-1"]
[WhiteElo "2651"]
[BlackElo "2865"]
[TimeControl "180+1"]
[EndTime "9:08:26 PDT"]
[Termination "vladislavkovalev won by resignation"]

1. Nf3 Nf6 2. e3 d5 3. h3 e6 4.
c4 b6 5. b3 Bb7 6. Bb2 Nbd7 7. Be2 Be7 8. O-O O-O 9. d4 c5 10.
cxd5 Nxd5 11. Nc3 Nxc3 12. Bxc3 Rc8 13. Rc1 Nf6 14. dxc5 Bxc5 15. Bb2 Qe7 16. Bc4 Ba3 17. Qe2 Bxb2 18. Qxb2 Bxf3 19. gxf3 Rc5 20. f4 Rh5 21. Kg2 Qb7+ 22. f3 Nd5 23. Bxd5 Rxd5 24. Rfd1 Rfd8 25. Qc2 g6 26. e4 R5d7 27. Kg3 h5 28. h4 a5 29. Qe2 b5 30. Rxd7 Qxd7 31. Rc5 Qd4 32.
Qf2 Qd1 33. Rc2 b4 34. Qc5 Rd3 35. Qf2 Rxf3+ 36. Qxf3 Qxc2 37. Qe3 Qxa2 38. f5 Qc2 39. fxe6 fxe6 40. Kf4 Qc3 41. Qb6 Qf6+ 42. Kg3 Qe5+ 43. Kf3 Qc3+ 44. Kf4 Qf6+ 45. Kg3 Qe5+ 46. Kf3 Kf7 47.
Qa7+ Kf6 48. Qh7 Qc3+ 49. Ke2 Ke5 50. Qxg6 Qc2+ 51. Ke3 Qxb3+ 52. Ke2 Qc2+ 53. Ke3 Qc3+ 54. Ke2 a4 55. Qxh5+ Kxe4 56. Qg4+ Kd5 57. Qg2+ Kc5 58. Qa8 a3 59. h5 Qc4+ 60. Kd2 Qc3+ 61. Ke2 Qe5+ 62.
Kd3 Qd5+ 63. Qxd5+ exd5 64. Kc2 d4 65. h6 d3+ 66.
Kxd3 a2 67. h7 a1=Q 68. h8=Q Qxh8 0-1

[Event "Early-Titled-Tuesday-Blitz-March-19-2024"]
[Site "Chess.com"]
[Date "2024.03.19"]
[Round "6"]
[White "XDPS"]
[Black "bubeliang"]
[Result "0-1"]
[WhiteElo "2904"]
[BlackElo "2809"]
[TimeControl "180+1"]
[EndTime "9:08:29 PDT"]
[Termination "bubeliang won on time"]

1. d4 d5 2. Bf4 c5 3. e3 Nc6 4. Nf3 cxd4 5. exd4 Bf5 6. c3 e6 7. Qb3 Bd6 8. Bxd6 Qxd6 9. Qxb7 Rb8 10. Qa6 Rxb2 11.
Nbd2 Nge7 12. Nb3 O-O 13. Bd3 Bg4 14. Nfd2 Qf4 15. h3 Bf5 16. Bxf5 Qxf5 17. O-O h6 18. c4 dxc4 19. Nxc4 Qd3 20. Nc1 Rb6 21. Qxb6 Qxf1+ 22. Kxf1 axb6 23. Nxb6 Nxd4 24. Nd3 Rb8 25.
Nd7 Rd8 26. N7c5 Nec6 27. a4 Na5 28. Rb1 Ndc6 29. g3 e5 30. Rb5 e4 31. Nf4 Rd1+ 32.
Kg2 Rd2 33. Nxe4 Ra2 34. Nc3 Ra3 35. Nfd5 Ra1 36. Rc5 Kh7 37. h4 f6 38. h5 Rc1 39.
Nf4 Ra1 40. Ne4 Re1 41. Nd6 Ra1 42. Nf5 Rxa4 43. Ne6 Re4 44. Nexg7 Re5 45. Rc1 Nb4 46. Rc7 Kg8 47. Ra7 Nac6 48. Rc7 Rd5 49. g4 Rd8 50. Ne6 Rb8 51. Nf4 Kh8 52. Nd5 Nxd5 53. Rxc6 Nf4+ 54. Kg3 Ne2+ 55. Kh2 Rb4 56. f3 Nf4 57. Rxf6 Rb2+ 58. Kg3 Ne2+ 59. Kh4 Nf4 60. Rxh6+ Kg8 61. Ra6 Kf7 62. Kg5 Ne6+ 63. Kh6 Rb8 64. Ra7+ Kf6 65. Rh7 Ng5 66. Rg7 Rh8+ 0-1

[Event "Early-Titled-Tuesday-Blitz-March-19-2024"]
[Site "Chess.com"]
[Date "2024.03.19"]
[Round "6"]
[White "MalyDominator"]
[Black "VladimirBugayev"]
[Result "0-1"]
[WhiteElo "2535"]
[BlackElo "2351"]
[TimeControl "180+1"]
[EndTime "9:08:29 PDT"]
[Termination "VladimirBugayev won on time"]

1. e4 c6 2. d4 d5 3. Nc3 dxe4 4.
Nxe4 Nf6 5. Nxf6+ exf6 6. c3 Bd6 7. Bd3 O-O 8. Qc2 Re8+ 9. Ne2 h5 10. O-O h4 11. Nf4 Bxf4 12. Bxf4 Be6 13. Qd1 g6 14. Qf3 Kg7 15. Rfe1 Nd7 16. Bd2 Rh8 17. Re2 f5 18.
Rae1 Qf6 19. Qf4 Nb6 20. b3 Nd5 21. Qd6 Rad8 22. Qa3 f4 23. c4 Ne7 24. Be4 h3 25.
Bc1 hxg2 26. Bxg2 f3 27. d5 Qh4 28. h3 fxe2 29. dxe6 Rd1 30. Qb2+ f6 31. Qxe2 Rxe1+ 32. Qxe1 Rd8 33. Bb2 Qh5 34. Qb4 Qd1+ 35. Kh2 Qd6+ 36. Qxd6 Rxd6 37. Kg3 Rxe6 38. Kf3 Nf5 39. Bf1 Rd6 40. Bc3 Nd4+ 41. Ke4 Ne6 42. Bb4 Rd1 43. Be2 Rh1 44. Bc3 Rxh3 45. Bb2 Rh2 46. Bg4 Kf7 47.
Ke3 f5 48. Be2 g5 49. Be5 f4+ 50. Kf3 Rh4 51. Bd3 c5 52. Bf5 Nd4+ 53. Ke4 Nxf5 54. Kxf5 Rh2 55. Kxg5 Rxf2 56. Bxf4 Rxa2 57. Bd6 b6 58. Bb8 Ke6 59. Kf4 Kd7 60. Ke4 Kc6 61. Be5 a5 62. Kd3 Rg2 63. Kc3 b5 64. cxb5+ Kxb5 65. Bf6 a4 66. bxa4+ Kxa4 67. Kc4 Rc2+ 68. Bc3 Ka3 69.
Kd3 Kb3 0-1

[Event "Early-Titled-Tuesday-Blitz-March-19-2024"]
[Site "Chess.com"]
[Date "2024.03.19"]
[Round "6"]
[White "Dewarfd"]
[Black "BestestBP"]
[Result "1-0"]
[WhiteElo "2089"]
[BlackElo "2238"]
[TimeControl "180+1"]
[EndTime "9:08:33 PDT"]
[Termination "Dewarfd won on time"]

1. c4 Nf6 2. g3 g6 3. Bg2 Bg7 4.
Nc3 O-O 5. e3 d6 6. Nge2 Nbd7 7.
O-O e5 8. d4 c6 9. b3 Re8 10. Bb2 Qc7 11. Rc1 b6 12. b4 Bb7 13.
a4 Rab8 14. b5 c5 15. Nd5 Nxd5 16. cxd5 exd4 17. exd4 Qd8 18. dxc5 Bxb2 19. Rc2 dxc5 20. Rxb2 Nf6 21. Nc3 Qd6 22. Rd2 Rbd8 23. a5 Re5 24.
axb6 axb6 25. Re1 Rde8 26. Rxe5 Rxe5 27. f4 Re3 28. Rd3 Qe7 29. Bf1 Re1 30. Qd2 Ng4 31. h3 Nh6 32. d6 Qe6 33. d7 Nf5 34. d8=Q+ Kg7 35. Qxe1 Qxe1 36. Qd7 Nxg3 37. Rf3 Nxf1 38.
Rxf1 Qe3+ 39. Rf2 Qg3+ 40. Kf1 Bf3 41. Qd2 Qxh3+ 42. Ke1 Qh1+ 43. Rf1 Qh4+ 44. Qf2 Qg4 45. Qxf3 Qe6+ 46. Qe2 Qb3 47. Ne4 Qb1+ 48. Kf2 Qb4 49. Ng5 Qd4+ 50. Qe3 Qb2+ 51. Qe2 Qd4+ 52. Kg2 Qd5+ 53.
Qf3 Qd2+ 54. Qf2 Qd5+ 55. Kg1 Qf5 56. Re1 h6 57. Qg2 hxg5 58. fxg5 c4 59. Qf2 Qxg5+ 60.
Kf1 Qh5 61. Qe2 Qxb5 62. Qe3 Qf5+ 63. Qf2 Qd3+ 64. Kg2 Qd5+ 65. Qf3 Qd2+ 66. Kf1 Qd4 67. Qe3 Qf6+ 68. Ke2 c3 69. Kd3 b5 70. Qe5 b4 71.
Kc2 1-0

[Event "Early-Titled-Tuesday-Blitz-March-19-2024"]
[Site "Chess.com"]
[Date "2024.03.19"]
[Round "6"]
[White "TimGrutter03"]
[Black "gpsji27"]
[Result "1-0"]
[WhiteElo "2563"]
[BlackElo "2354"]
[TimeControl "180+1"]
[EndTime "9:08:34 PDT"]
[Termination "TimGrutter03 won by resignation"]

1. c3 d5 2. d4 Nf6 3. Nf3 e6 4. Bf4 Be7 5. h3 c5 6. e3 Nc6 7.
Bd3 O-O 8. O-O b6 9. Nbd2 Bb7 10. Ne5 Rc8 11. Ndf3 Nd7 12. Nxc6 Bxc6 13. Qc2 h6 14. Qe2 Nf6 15. Ne5 Bb7 16. Bb1 Bd6 17. Bd3 Qc7 18. Qf3 Nd7 19. Nxd7 Qxd7 20. Qg3 Bxf4 21. Qxf4 cxd4 22.
exd4 Qc7 23. Qxc7 Rxc7 24. f4 f6 25. Rae1 Bc8 26. f5 exf5 27. Bxf5 Bxf5 28. Rxf5 Rd7 29. Rf3 Rff7 30. Rfe3 Kh7 31. Re8 Kg6 32. Kf2 Rc7 33. Kf3 f5 34. R1e6+ Kh7 35. Rd6 Rcd7 36. Rd8 Rde7 37. Rxd5 Re1 38. Re5 Rb1 39. Re2 Rd1 40. Rde8 Rd3+ 41. R8e3 Rd1 42. Re1 Rd2 43. R3e2 Rd3+ 44.
Kf2 f4 45. Re7 Rd2+ 46. R1e2 Rxe7 47. Rxd2 Rd7 48. Kf3 g5 49. d5 Kg6 50. Ke4 Kf6 51. Kd4 Rd6 52. Re2 h5 53. Re8 g4 54. Rf8+ Kg5 55.
Ke5 Rd7 56. Ke6 Rh7 57. d6 f3 58. Rg8+ Kh4 59. hxg4 fxg2 60. gxh5 Rh6+ 61. Ke7 Rh7+ 62. Ke6 Rh6+ 63. Kd5 Rxh5+ 64. Kc6 Rg5 65. Rxg5 Kxg5 66. d7 g1=Q 67. d8=Q+ Kf5 68. Qd5+ Kf6 69. Qd4+ Qxd4 70. cxd4 Ke6 71. d5+ Ke7 72. Kc7 1-0

[Event "Early-Titled-Tuesday-Blitz-March-19-2024"]
[Site "Chess.com"]
[Date "2024.03.19"]
[Round "6"]
[White "ArchibaldCerveza29"]
[Black "Horokoskii"]
[Result "1-0"]
[WhiteElo "2411"]
[BlackElo "2147"]
[TimeControl "180+1"]
[EndTime "9:08:35 PDT"]
[Termination "ArchibaldCerveza29 won by resignation"]

1. e4 c5 2. Nf3 d6 3. d4 cxd4 4. Nxd4 Nf6 5. Nc3 g6 6. f3 Nc6 7. Be3 h5 8. Qd2 Nxd4 9. Bxd4 Bh6 10. f4 Be6 11. Bxf6 exf6 12. Bb5+ Kf8 13. O-O Kg7 14.
Kh1 Rc8 15. Rad1 a6 16. Ba4 Bg4 17. Rde1 b5 18. Bb3 Re8 19. Qd4 Kg8 20. Nd5 Bg7 21. c3 Be6 22. Qd3 f5 23. exf5 Bxf5 24. Qd2 Be4 25. a4 Rc5 26. axb5 axb5 27. Nb4 Qh4 28. Bd5 Rxd5 29. Nxd5 f5 30. Ne3 Rd8 31. Qf2 Qf6 32. Rd1 Qf7 33. Rfe1 Kh7 34. Nc2 d5 35. Nd4 b4 36. Nc6 Rd6 37. Nxb4 d4 38. cxd4 Qc4 39.
Rxe4 fxe4 40. Nc2 Qb3 41. Qd2 Qxb2 42. h3 Rc6 43. Ne3 Qb3 44. d5 Rd6 45. f5 Qa3 46. fxg6+ Rxg6 47. d6 Bf6 48. d7 Bd8 49. Qd4 Qf8 50.
Qxe4 Qf2 51. Rd6 Qf7 52. Rxg6 Qxg6 53. Qxg6+ Kxg6 54. Nd5 Kf5 55. Kh2 Ke6 56. Nf4+ Kxd7 57. Nxh5 Ke6 58. g4 Kf7 59. Kg3 Kg6 60. h4 Ba5 61. Nf4+ Kh7 62. g5 Bb4 63. Kg4 Ba3 64. h5 Bb2 65. h6 Bc1 66. Ne6 Bd2 67. Kh5 Bc1 68. g6+ Kg8 69. Ng5 Bb2 70. Nf7 Bc3 71. h7+ Kf8 72. h8=Q+ Bxh8 73. Nxh8 Kg7 74. Nf7 Kg8 75.
Ng5 Kg7 76. Nf3 Kg8 77. Kh6 Kh8 78. g7+ Kg8 79. Nh2 Kf7 80. Kh7 1-0

[Event "Early-Titled-Tuesday-Blitz-March-19-2024"]
[Site "Chess.com"]
[Date "2024.03.19"]
[Round "6"]
[White "Igor_Lysyj"]
[Black "Kacparov"]
[Result "1-0"]
[WhiteElo "2814"]
[BlackElo "2909"]
[TimeControl "180+1"]
[EndTime "9:08:41 PDT"]
[Termination "Igor_Lysyj won by resignation"]

1. d4 Nf6 2. c4 e6 3. Nf3 Bb4+ 4. Bd2 a5 5. g3 O-O 6. Bg2 d5 7. Qb3 Nc6 8. O-O Ne4 9. Bxb4 axb4 10. Qc2 Qd6 11.
e3 b6 12. Nbd2 Nxd2 13. Nxd2 Bb7 14. Rfc1 Rfc8 15. c5 bxc5 16. Qxc5 Ra5 17. Qxd6 cxd6 18. a4 bxa3 19. Rxa3 Rxa3 20. bxa3 Ra8 21. Rc3 Kf8 22. Bf1 Ke7 23. Bb5 Kd7 24. Kf1 Kc7 25. Ke1 Kb6 26. Bxc6 Bxc6 27. f4 Bb5 28. Kf2 h6 29. g4 f6 30. h4 Ba4 31. Nf1 Bd1 32. Kg3 h5 33. gxh5 Bxh5 34. Nd2 Bd1 35. Kf2 Kb7 36. e4 Rh8 37. Kg3 Ba4 38. exd5 exd5 39. Nf1 Re8 40. Ne3 Re4 41. Nf5 Kb6 42. h5 Re1 43. Nxd6 Rh1 44. Nf5 Rxh5 45. Nxg7 Rh1 46. Ne6 Bb5 47. Rb3 Ka5 48.
f5 Bc4 49. Rf3 Rg1+ 50. Kf2 Rg4 51. Rf4 Rg8 52. Rh4 Ka4 53. Rh6 Kxa3 54. Rxf6 Bd3 55.
Nc5 Bc2 56. Rf7 Kb4 57. f6 Kc4 58. Rc7 Bg6 59. Ne6+ Kd3 60. Rg7 Rxg7 61. fxg7 Bf7 62. Nd8 Bg8 63. Nc6 Ke4 64. Kg3 Bf7 65. Kg4 Bg8 66. Kg5 Kd3 67. Kf6 Kc4 68. Ke7 Kb5 69.
Ne5 Kb4 70. Kf8 Bh7 71. g8=Q Bxg8 72. Kxg8 Kc3 73. Nc6 Kc4 74. Kf7 Kb5 75. Ne5 Kb6 76.
Ke6 Kc7 1-0

[Event "Early-Titled-Tuesday-Blitz-March-19-2024"]
[Site "Chess.com"]
[Date "2024.03.19"]
[Round "6"]
[White "WindWhistler11"]
[Black "Pikku_Myy73"]
[Result "1/2-1/2"]
[WhiteElo "2524"]
[BlackElo "2275"]
[TimeControl "180+1"]
[EndTime "9:08:42 PDT"]
[Termination "Game drawn - insufficient material"]

1. Nf3 d5 2. g3 Nd7 3. c4 dxc4 4. a4 b6 5. Na3 Bb7 6. Bg2 Ngf6 7. Nxc4 e6 8. O-O Be7 9. a5 b5 10. a6 Bxf3 11. Bxf3 bxc4 12. Bxa8 Qxa8 13. Qa4 O-O 14. Qxc4 c5 15. d3 Nb6 16. Qb5 Nfd5 17. Bd2 h5 18. h4 Qd8 19. Rac1 Nd7 20. Ba5 N5b6 21. b4 cxb4 22. Bxb4 Bxb4 23. Qxb4 Qf6 24. Rc7 Nd5 25. Qd6 Nxc7 26. Qxc7 Qd4 27. Rc1 Nf6 28. Rc4 Qa1+ 29. Kg2 Qxa6 30. Qe5 Qb6 31. d4 Rd8 32.
e3 Qb7+ 33. Kg1 Qb1+ 34. Kg2 Qe4+ 35. Qxe4 Nxe4 36. Ra4 Ra8 37. Ra6 Kf8 38. f3 Nf6 39. e4 Ke7 40. Kf2 Nd7 41. Ke3 Nb8 42. Ra5 a6 43.
Rxh5 a5 44. Rb5 a4 45. Rb2 a3 46. Ra2 Nc6 47. Ra1 Nb4 48. Kd2 a2 49. Kc3 Nc6 50. f4 Ra3+ 51. Kc4 Kd6 52. g4 Ra4+ 53. Kb3 Rxd4 54. Rxa2 Rxe4 55. Rf2 Re3+ 56. Kc2 Rh3 57. h5 Rg3 58. Rd2+ Ke7 59. g5 Rh3 60. Rg2 Rxh5 61. Kd3 Rh3+ 62. Ke4 Nb4 63. Rb2 Nd5 64. Rb7+ Kf8 65.
Rb8+ Ke7 66. Rb7+ Kd6 67. Rxf7 Re3+ 68. Kd4 Rf3 69. Ke4 Rf1 70. g6 Re1+ 71. Kf3 Rf1+ 72. Kg3 Rg1+ 73. Kf3 Rxg6 74. Ra7 Rf6 75. Rxg7 Rxf4+ 76. Ke2 Rf5 77. Ra7 e5 78. Kd3 Nb4+ 79.
Ke4 Nc6 80. Ra6 Rf4+ 81. Ke3 Rd4 82. Ra8 Rd5 83. Rh8 Kc5 84. Rc8 Rd4 85. Re8 e4 86. Re6 Rc4 87. Rxe4 Rxe4+ 88. Kxe4 1/2-1/2

[Event "Early-Titled-Tuesday-Blitz-March-19-2024"]
[Site "Chess.com"]
[Date "2024.03.19"]
[Round "6"]
[White "manitodeplomo"]
[Black "Vse_po_kaify"]
[Result "1/2-1/2"]
[WhiteElo "2655"]
[BlackElo "2469"]
[TimeControl "180+1"]
[EndTime "9:08:44 PDT"]
[Termination "Game drawn by repetition"]

1. d4 Nf6 2. c4 e6 3. Nf3 Bb4+ 4. Bd2 Qe7 5. Nc3 O-O 6. g3 Nc6 7. Bg2 Bxc3 8. Bxc3 d6 9. d5 Nb8 10. O-O a5 11.
Nd2 e5 12. e4 Nbd7 13. b3 a4 14. b4 b5 15. cxb5 Nb6 16. Re1 Bd7 17. Bf1 Rfb8 18.
a3 Nc8 19. Rc1 Na7 20. Bb2 Nxb5 21. Nc4 Ng4 22. Na5 Nd4 23. Bxd4 exd4 24. Rxc7 Qd8 25. Rxd7 Qxd7 26. Bh3 f5 27. exf5 Ne5 28. f4 Nf7 29. Qxd4 Re8 30. Re6 Nd8 31. Bg2 Nxe6 32. fxe6 Qa7 33.
Qxa7 Rxa7 34. Nc6 Rb7 35. f5 Rf8 36. g4 h6 37. Be4 g5 38. Kf2 Kg7 39. Ke3 Kf6 40.
Kd4 Rc8 41. h3 h5 42. Kc4 hxg4 43. hxg4 Rh8 44. e7 Kf7 45. f6 Rc7 46. Bf5 Kxf6 47. b5 Rxe7 48. Nxe7 Kxe7 49. b6 Kd8 50. Kb5 Rh3 51.
Kxa4 Rh1 52. Kb5 Rh2 53. Kc6 Rb2 54. Kxd6 Rxb6+ 55. Ke5 Ra6 56. Be6 Ke7 57. Kf5 Rxa3 58. Kxg5 Ra1 59. Kf5 Rf1+ 60. Kg6 Rf6+ 61. Kh5 Rf1 62.
g5 Rh1+ 63. Kg6 Rg1 64. Kh6 Rh1+ 65. Kg7 Rh2 66. g6 Rh1 67. Bf7 Rh2 68. Be6 Rh1 69. Bf7 Rh2 70. Kg8 Rh1 71. Kg7 1/2-1/2

[Event "Early-Titled-Tuesday-Blitz-March-19-2024"]
[Site "Chess.com"]
[Date "2024.03.19"]
[Round "6"]
[White "Zavgorodniy_Sergiy"]
[Black "Robert_Chessmood"]
[Result "0-1"]
[WhiteElo "2624"]
[BlackElo "2962"]
[TimeControl "180+1"]
[EndTime "9:08:47 PDT"]
[Termination "Robert_Chessmood won on time"]

1. d4 Nf6 2. c4 e6 3. Nf3 Bb4+ 4.
Nbd2 O-O 5. g3 d5 6. Qc2 b6 7.
Bg2 dxc4 8. Qxc4 a5 9. a3 Be7 10. O-O Ba6 11. Qc2 Bxe2 12. Re1 Ba6 13. Ng5 Ra7 14. Nde4 Nbd7 15. Bf4 h6 16. Nf3 Nxe4 17.
Qxe4 Bb7 18. Qc2 Bd5 19. Rac1 c5 20. dxc5 Nxc5 21. b4 axb4 22. axb4 Nb3 23. Rb1 Bxf3 24. Bxf3 Nd4 25. Qe4 Nxf3+ 26. Qxf3 Qa8 27. Qe3 b5 28. Red1 Rd8 29. Rxd8+ Bxd8 30. Bd6 Ra1 31. Rxa1 Qxa1+ 32. Kg2 Qa8+ 33. Kg1 Qd5 34. Bc5 Bg5 35. Qe2 Qd7 36.
h4 Bf6 37. h5 Qc6 38. Qd3 e5 39. Kh2 e4 40. Qd2 Bg5 41. Qd1 Qe6 42. Kg2 Kh7 43. Qe2 Qc6 44. Qa2 f5 45. Qf7 e3+ 46. Kg1 exf2+ 47. Kxf2 Qf6 48. Qe8 Qb2+ 49. Kg1 Qa1+ 50. Kg2 Qa2+ 51. Kh3 Qd5 52. Qg6+ Kh8 53. Qe8+ Qg8 54.
Qxb5 f4 55. gxf4 Bxf4 56. Qd3 Qe6+ 57. Kh4 Qf6+ 58. Kh3 Qe6+ 59. Kh4 Bg5+ 60. Kg3 Qe5+ 61. Kh3 Qe6+ 62. Kg3 Qe1+ 63. Kg2 Qe8 64. Qf3 Qd8 65.
b5 Bf6 66. Bf2 Qd2 67. b6 Qg5+ 68. Kh3 Qb5 69. b7 Kg8 70. Bg3 Qd7+ 71. Qg4 Qxb7 72.
Qe6+ Kf8 0-1

[Event "Early-Titled-Tuesday-Blitz-March-19-2024"]
[Site "Chess.com"]
[Date "2024.03.19"]
[Round "6"]
[White "MightyMike_009"]
[Black "HajiyevKanan"]
[Result "1/2-1/2"]
[WhiteElo "2715"]
[BlackElo "2537"]
[TimeControl "180+1"]
[EndTime "9:08:47 PDT"]
[Termination "Game drawn - insufficient material"]

1. d4 d5 2. c4 c6 3. Nf3 Nf6 4. Nc3 a6 5. e3 Bg4 6. h3 Bxf3 7.
Qxf3 e6 8. Bd2 Bb4 9. Bd3 O-O 10. O-O Qe7 11. a3 Bd6 12. b4 dxc4 13. Bxc4 Nbd7 14. Rfe1 e5 15. Bb3 e4 16. Qe2 Nb6 17. f3 Bg3 18.
fxe4 Bxe1 19. Bxe1 Nxe4 20. Nxe4 Qxe4 21. Bc2 Qe6 22.
Qd3 g6 23. Bg3 Rfe8 24. e4 Qc4 25. Qd2 Rad8 26. Rd1 Qa2 27. Qd3 Qc4 28. Qd2 Rd7 29.
Kh2 Qa2 30. Qd3 Qc4 31. Qd2 Red8 32. Be5 Qe6 33. Qf4 f6 34. Qxf6 Qxf6 35. Bxf6 Nc4 36. Bb3 b5 37. Bxd8 Rxd8 38. Kg3 a5 39. Kf3 axb4 40.
axb4 Ra8 41. Bxc4+ bxc4 42. Rc1 Ra3+ 43. Kf4 c3 44. Ke5 Rb3 45. d5 cxd5 46. exd5 Kf7 47. Kd6 h5 48. b5 h4 49. Kc6 Ke7 50. b6 Kd8 51. b7 g5 52. Kd6 Rb6+ 53. Ke5 Rxb7 54.
Rxc3 Rb2 55. Kd6 Rxg2 56. Rf3 Ke8 57. Re3+ Kf7 58. Rf3+ Kg6 59. Ke7 Re2+ 60. Kd6 Rg2 61. Re3 Rg3 62. Re6+ Kf5 63. Re5+ Kf4 64. Ke6 Rxh3 65.
d6 Rd3 66. Rf5+ Kg4 67. Rd5 Re3+ 68. Kf6 Re8 69. d7 Rd8 70. Rxg5+ Kf4 71. Rd5 h3 72. Ke7 Rh8 73. d8=Q Rxd8 74. Kxd8 h2 75. Rh5 Kg3 76. Ke7 Kg2 77. Rxh2+ Kxh2 1/2-1/2